 Dungeon Crawl Stone Soup version 0.27.1-33-g824d729ab1 (webtiles) character file.

Game seed: 18172017346350597776

241 pkoi the Ruffian (level 5, -9/41 HPs)
             Began as a Draconian Warper on Dec 12, 2021.
             Mangled by an iguana (12 damage)
             ... on level 4 of the Dungeon.
             The game lasted 00:03:10 (4099 turns).

pkoi the Ruffian (Draconian Warper)                 Turns: 4099, Time: 00:03:11

Health: -9/41      AC:  6    Str: 14    XL:     5   Next: 80%
Magic:  8/8        EV: 12    Int: 14    God:
Gold:   712        SH:  0    Dex: 10    Spells: 3/8 levels left

rFire    . . .     SeeInvis .   g - +1 short sword (venom)
rCold    . . .     Faith    .   (no shield)
rNeg     . . .     Spirit   .   (armour unavailable)
rPois    .         Reflect  .   (helmet restricted)
rElec    .         Harm     .   h - +0 cloak
rCorr    .         Rampage  .   (no gloves)
Will     .....                  (no boots)
Stlth    +.........             (no amulet)
HPRegen  0.13/turn              (no ring)
MPRegen  0.11/turn              (no ring)

@: slowed, very slow
A: AC +5, unfitting armour, cold-blooded
a: no special abilities


You were on level 4 of the Dungeon.
You visited 1 branch of the dungeon, and saw 5 of its levels.

You collected 712 gold pieces.

Inventory:

Hand Weapons
 e - a +1 dagger of protection
 g - a +1 short sword of venom (weapon)
Missiles
 b - 5 boomerangs of dispersal (quivered)
Armour
 h - a +0 cloak (worn)
Jewellery
 c - a ring of ice
Scrolls
 a - a scroll of blinking
 f - a scroll of identify
Potions
 i - a potion of brilliance
 j - a potion of cancellation


   Skills:
 - Level 2.1 Fighting
 - Level 0.8 Throwing
 - Level 2.1 Dodging
 + Level 5.0 Unarmed Combat
 - Level 2.0 Spellcasting
 + Level 4.6 Translocations


You had 3 spell levels left.
You knew the following spells:

 Your Spells              Type           Power      Damage    Failure   Level
a - Blink                 Tloc           N/A        N/A       5%          2
b - Gell's Gravitas       Tloc           7%         N/A       11%         3

Your spell library contained the following spells:

 Spells                   Type           Power      Damage    Failure   Level
 Lesser Beckoning         Tloc           7%         N/A       11%         3
 Teleport Other           Tloc           14%        N/A       11%         3
 Frozen Ramparts          Ice            2%         1d2       56%         3
 Manifold Assault         Tloc           14%        N/A       69%         5
 Ice Form                 Ice/Tmut       1%         N/A       93%         4
 Summon Ice Beast         Ice/Summ       1%         N/A       93%         4


Dungeon Overview and Level Annotations

Branches:
Dungeon (5/15)
 Temple: D:4-7

Altars:

Shops:
D:4 [


Innate Abilities, Weirdness & Mutations

Your plain brown scales are hard. (AC +5)
You cannot fit into any form of body armour.
You are cold-blooded and may be slowed by cold attacks.


Message History

You climb upwards.
Found 38 gold pieces.
Found an escape hatch in the floor.
There is a stone staircase leading down here.
Unknown command.
You hit the iguana but do no damage.
The iguana is poisoned.
The iguana closely misses you.
You hit the iguana but do no damage.
The iguana looks as sick as possible!
The iguana is lightly wounded.
The endoplasm hits you but does no damage.
The iguana bites you!
Unknown command.
Found a scroll labelled YDAAHE SIMAX.
The endoplasm freezes you.
You are frozen.
* * * LOW HITPOINT WARNING * * *
You feel yourself slow down. The endoplasm freezes you.
You are frozen.
* * * LOW HITPOINT WARNING * * *
You feel as though you will be slow longer.
The endoplasm freezes you.
You are frozen.
* * * LOW HITPOINT WARNING * * *
You feel as though you will be slow longer.
The jelly barely misses you.
There is a stone staircase leading up here.
Unknown command.
Okay, then.
Unknown command.
The iguana bites you but does no damage.
The endoplasm freezes you.
You are frozen.
* * * LOW HITPOINT WARNING * * *
You feel as though you will be slow longer.
The jelly hits you.
* * * LOW HITPOINT WARNING * * *
You are splashed with acid.
* * * LOW HITPOINT WARNING * * *
The iguana bites you!
You die...

#######
#.....#
#..<∩.#
#.....#
#....>#
#.....#
#...).#
#.lJ>.#
#.@J..#
#.....#
#.....#
#......#
#...$$>#
#.$##..#
##.# ..#
#?# ...


You could see an iguana (very poisoned), a jelly and an endoplasm.

Vanquished Creatures
  A scorpion (D:3)
  Crazy Yiuf (D:2)
  A hound (D:5)
  An iguana (D:5)
  4 adders
  A dart slug (D:2)
  4 orcs
  6 ball pythons
  2 endoplasms
  2 giant cockroaches
  7 hobgoblins
  4 jackals (D:1)
  5 quokkas
  3 bats (D:2)
  3 frilled lizards
  5 goblins
  7 kobolds
  3 rats
60 creatures vanquished.

Notes
Turn   | Place    | Note
-------+----------+-------------------------------------------
     0 | D:1      | pkoi the Draconian Warper began the quest for the Orb.
     0 | D:1      | Reached XP level 1. HP: 17/17 MP: 3/3
   718 | D:1      | Reached XP level 2. HP: 15/24 MP: 5/5
   865 | D:1      | Reached skill level 3 in Unarmed Combat
  1512 | D:1      | Reached XP level 3. HP: 16/29 MP: 6/6
  1663 | D:1      | Learned a level 2 spell: Blink
  1667 | D:1      | Learned a level 3 spell: Gell's Gravitas
  1859 | D:2      | Identified a scroll of acquirement
  1859 | D:2      | Acquired 615 gold pieces
  2360 | D:2      | Found a runed translucent door.
  2361 | D:2      | Noticed Crazy Yiuf
  2370 | D:2      | Killed Crazy Yiuf
  2371 | D:2      | Reached skill level 4 in Unarmed Combat
  2371 | D:2      | Reached XP level 4. HP: 8/36 MP: 7/7
  2379 | D:2      | HP: 2/54 [poisoned by Crazy Yiuf]
  2776 | D:2      | Found a faded altar of an unknown god.
  3453 | D:3      | Noticed a scorpion
  3464 | D:3      | Killed a scorpion
  3465 | D:3      | Reached XP level 5. HP: 23/41 MP: 8/8
  4049 | D:3      | You fall into a shaft and drop 2 floors!
  4049 | D:5      | Entered Level 5 of the Dungeon
  4068 | D:5      | Reached skill level 5 in Unarmed Combat
  4085 | D:4      | Found Niasar's Antique Armour Emporium.
  4099 | D:4      | Mangled by an iguana

Illustrated notes

Levels and vault maps discovered:
D:1:      dpeg_arrival_concentric_ovals, layout_basic
D:2:      layout_basic, serial_corexii_hall, corexii_hall_statues_i,
          chequers_hall_statues_corner_a, corexii_hall_statues_l,
          corexii_hall_statues_deadend, shapermc_ecumenical_altar_acropolis,
          uniq_crazy_yiuf_cottage
D:3:      layout_basic
D:4:      layout_gridville, serial_shops, shop, nicolae_inconvenience_store,
          nicolae_square_shop, uniq_blork_the_orc
D:5:      layout_loops_ring, mainiacjoe_overflow_catwalk,
          mainiacjoe_overflow_24_doors, makhleb_blood_cavern_becter,
          mainiacjoe_overflow_cross_hatched,
          mainiacjoe_overflow_six_doors_small, nemelex_dance_club_becter,
          item_on_display_a, uniq_edmund, uniq_duvessa

Skill      XL: |  1  2  3  4  5 |
---------------+----------------+-----
Unarmed Combat | 3 4 5 |  5.0
Translocations | 4 |  4.6
Fighting       | |  2.1
Throwing       | |  0.8
Dodging        | |  2.1
Spellcasting   | |  2.0

Action                   |  1- 3 |  4- 6 || total
-------------------------+-------+-------++-------
Melee: Unarmed           |    21 |       ||    21
       Dagger            |   148 |       ||   148
       Tailslap          |    19 |     7 ||    26
       Punch             |     1 |     1 ||     2
       Short sword       |    18 |    72 ||    90
  Use: Scroll            |     3 |     4 ||     7
       Potion            |     1 |     1 ||     2
 Stab: Sleeping          |     1 |       ||     1
Armor: Skin              |    85 |    22 ||   107
Dodge: Dodged            |   134 |    50 ||   184
